General information
- name: BNet
- type: Ladder team game (AT/RT)
- host: Battle.net
- saver: TATER-TOPS.
map: MarketSquare
- players: 8
- length: 33:22
- speed: Fast
- version: 1.26 W3XP
- replay type: Public
» download(245 KB)
Players
team 1 (winner)

»
Void-darkness (
green | 41 APM | 1363 actions | 33:20)
10 Blademaster
3 Wind Walk
3 Critical Strike
1 Bladestorm
3 Mirror Image
» actions
| Basic commands | 6 | |
| Build / train | 102 | |
| Enter build submenu | 20 | |
| Enter hero's abilities submenu | 10 | |
| Remove unit from queue | 1 | |
| Right click | 622 | |
| Select / deselect | 503 | |
| Use ability | 98 | |
1363 total
» units
» upgrades
| Armor | 3 | |
| Spiked Barricades | 3 | |
| Envenomed Spears | 1 | |
| Ranged Weapons | 3 | |
| Reinforced Defenses | 2 | |
12 total
» buildings
| Altar of Storms | 1 | |
| Orc Burrow | 6 | |
| Voodoo Lounge | 1 | |
| War Mill | 1 | |
| Barracks | 1 | |
| Watch Tower | 5 | |
| Stronghold | 1 | |
| Fortress | 1 | |
| Beastiary | 2 | |
| Great Hall | 1 | |
20 total
» build order
00:16 Altar of Storms
00:18 Orc Burrow
00:45 Voodoo Lounge
01:30 Orc Burrow
01:49 War Mill
02:32 Barracks
03:38 Orc Burrow
04:36 Watch Tower
04:39 Orc Burrow
04:42 Watch Tower
05:18 Stronghold
06:07 Watch Tower
06:14 Watch Tower
06:17 Watch Tower
07:48 Fortress
07:52 Beastiary
07:53 Beastiary
10:01 Orc Burrow
10:02 Orc Burrow
21:23 Great Hall
» items
| Healing Salve | 1 | |
| Lesser Clarity Potion | 2 | |
| Scroll of Town Portal | 2 | |
| Orb of Lightning | 1 | |
| Potion of Healing | 1 | |
7 total

»
pantheraleo (
purple | 55 APM | 1839 actions | 33:20)
9 Far Seer
3 Feral Spirit
3 Chain Lighting
1 Earth Quake
2 Far Sight
6 Tauren Chieftain
3 Endurance Aura
2 War Stomp
1 Reincarnation
2 Shadow Hunter
1 Healing Wave
1 Hex
» actions
| Assign group hotkey | 274 | |
| Basic commands | 128 | |
| Build / train | 100 | |
| ESC pressed | 6 | |
| Enter build submenu | 26 | |
| Enter hero's abilities submenu | 17 | |
| Give item / drop item | 2 | |
| Remove unit from queue | 2 | |
| Right click | 329 | |
| Select / deselect | 469 | |
| Select group hotkey | 404 | |
| Use ability | 82 | |
1839 total
» units
| Peon | 16 | |
| Grunt | 11 | |
| Shaman | 14 | |
| Tauren | 19 | |
| Troll Witch Doctor | 2 | |
62 total
» upgrades
| Armor | 2 | |
| Melee Weapons | 3 | |
| Shaman Training | 2 | |
| Witch Doctor Training | 2 | |
| Reinforced Defenses | 1 | |
| Pulverize | 1 | |
11 total
» buildings
| Altar of Storms | 1 | |
| Orc Burrow | 8 | |
| Barracks | 1 | |
| Voodoo Lounge | 1 | |
| War Mill | 1 | |
| Stronghold | 1 | |
| Watch Tower | 7 | |
| Great Hall | 1 | |
| Fortress | 1 | |
| Spirit Lodge | 2 | |
| Tauren Totem | 2 | |
26 total
» build order
00:05 Altar of Storms
00:07 Orc Burrow
01:00 Barracks
01:19 Orc Burrow
01:49 Voodoo Lounge
02:34 Orc Burrow
03:25 War Mill
04:18 Stronghold
05:54 Orc Burrow
06:28 Watch Tower
07:15 Great Hall
07:19 Fortress
09:33 Spirit Lodge
09:47 Spirit Lodge
10:48 Tauren Totem
12:16 Orc Burrow
12:35 Watch Tower
13:15 Orc Burrow
13:46 Watch Tower
14:24 Orc Burrow
15:47 Watch Tower
21:03 Tauren Totem
21:08 Watch Tower
21:33 Watch Tower
21:42 Watch Tower
22:16 Orc Burrow
» items
| Boots of Speed | 1 | |
| Scroll of Town Portal | 1 | |
| Scroll of Healing | 1 | |
3 total
nika-sticks (
yellow | 90 APM | 2987 actions | 33:20)
8 Tauren Chieftain
3 War Stomp
3 Endurance Aura
1 Reincarnation
1 Shockwave
» actions
| Assign group hotkey | 49 | |
| Basic commands | 29 | |
| Build / train | 112 | |
| ESC pressed | 6 | |
| Enter build submenu | 26 | |
| Enter hero's abilities submenu | 10 | |
| Give item / drop item | 6 | |
| Remove unit from queue | 6 | |
| Right click | 1580 | |
| Select / deselect | 328 | |
| Select group hotkey | 688 | |
| Use ability | 147 | |
2987 total
» units
| Peon | 17 | |
| Grunt | 7 | |
| Troll Witch Doctor | 13 | |
| Troll Batrider | 18 | |
| Demolisher | 9 | |
| Raider | 8 | |
72 total
» upgrades
| Berserker Strength | 1 | |
| Witch Doctor Training | 2 | |
| Armor | 1 | |
| Liquid Fire | 1 | |
| Burning Oil | 1 | |
| Ranged Weapons | 3 | |
| Pillage | 1 | |
| Ensnare | 1 | |
| Melee Weapons | 1 | |
12 total
» buildings
| Altar of Storms | 1 | |
| Orc Burrow | 7 | |
| Barracks | 3 | |
| Voodoo Lounge | 2 | |
| War Mill | 1 | |
| Stronghold | 1 | |
| Spirit Lodge | 1 | |
| Fortress | 1 | |
| Beastiary | 3 | |
| Great Hall | 3 | |
| Watch Tower | 3 | |
26 total
» build order
00:13 Altar of Storms
00:21 Orc Burrow
00:54 Barracks
01:39 Voodoo Lounge
01:49 Orc Burrow
02:32 War Mill
03:01 Stronghold
04:01 Barracks
04:38 Orc Burrow
05:28 Spirit Lodge
06:27 Fortress
07:48 Beastiary
12:06 Great Hall
12:19 Orc Burrow
12:24 Orc Burrow
12:27 Orc Burrow
13:15 Orc Burrow
14:52 Watch Tower
15:00 Watch Tower
15:09 Watch Tower
16:30 Great Hall
21:27 Voodoo Lounge
22:27 Barracks
27:44 Great Hall
29:38 Beastiary
29:44 Beastiary
» items
| Healing Salve | 1 | |
| Lesser Clarity Potion | 4 | |
| Scroll of Speed | 1 | |
| Boots of Speed | 1 | |
| Potion of Healing | 1 | |
| Potion of Mana | 2 | |
| Orb of Lightning | 1 | |
11 total

»
TATER-TOPS. (
pink | 68 APM | 2258 actions | 33:22)
8 Demon Hunter
3 Mana Burn
3 Evasion
1 Metamorphosis
1 Immolation
6 Keeper of the Grove
3 Entangling Roots
2 Thorns Aura
1 Tranquility
» actions
| Assign group hotkey | 99 | |
| Basic commands | 1 | |
| Build / train | 110 | |
| Enter build submenu | 16 | |
| Enter hero's abilities submenu | 15 | |
| Give item / drop item | 2 | |
| Right click | 966 | |
| Select / deselect | 289 | |
| Select group hotkey | 675 | |
| Use ability | 85 | |
2258 total
» units
| Wisp | 14 | |
| Archer | 22 | |
| Hippogryph | 14 | |
| Druid of the Talon | 7 | |
57 total
» upgrades
| Strength of the Moon | 3 | |
| Improved Bows | 1 | |
| Hippogryph Taming | 1 | |
| Moon Armor | 3 | |
| Ultravision | 1 | |
| Druid of the Talon Training | 2 | |
| Mark of the Talon | 1 | |
| Nature's Blessing | 1 | |
| Strength of the Wild | 1 | |
| Reinforced Hides | 1 | |
15 total
» buildings
| Moon Well | 7 | |
| Altar of Elders | 1 | |
| Ancient of War | 1 | |
| Hunter's Hall | 1 | |
| Tree of Ages | 4 | |
| Ancient of Wonders | 1 | |
| Ancient of Wind | 2 | |
| Tree of Eternity | 2 | |
| Tree of Life | 1 | |
| Ancient Protector | 5 | |
25 total
» build order
00:23 Moon Well
00:36 Altar of Elders
01:26 Ancient of War
01:42 Hunter's Hall
02:12 Moon Well
02:24 Moon Well
03:10 Tree of Ages
03:10 Tree of Ages
03:10 Tree of Ages
04:00 Ancient of Wonders
04:44 Moon Well
05:34 Ancient of Wind
05:35 Ancient of Wind
11:33 Tree of Eternity
11:33 Tree of Eternity
12:07 Moon Well
12:08 Moon Well
12:42 Moon Well
22:38 Tree of Life
30:36 Ancient Protector
30:36 Ancient Protector
30:37 Ancient Protector
31:23 Ancient Protector
» items
| Staff of Teleportation | 2 | |
| Potion of Lesser Invulnerability | 3 | |
| Scroll of Healing | 3 | |
| Scroll of Town Portal | 2 | |
| Periapt of Vitality | 1 | |
| Boots of Speed | 1 | |
| Orb of Venom | 1 | |
| Staff of Preservation | 1 | |
14 total
team 2 (loser)
politikin (
teal | 57 APM | 1451 actions | 25:33)
5 Death Knight
1 Death Coil
3 Unholy Aura
1 Death Pact
3 Lich
2 Frost Nova
1 Frost Armor
» actions
| Assign group hotkey | 2 | |
| Build / train | 59 | |
| Enter build submenu | 23 | |
| Enter hero's abilities submenu | 8 | |
| Right click | 938 | |
| Select / deselect | 343 | |
| Select group hotkey | 2 | |
| Use ability | 76 | |
1451 total
» units
| Acolyte | 4 | |
| Ghoul | 5 | |
| Crypt Fiend | 13 | |
| Frost Wyrm | 7 | |
29 total
» upgrades
| Creature Attack | 2 | |
| Web | 1 | |
| Creature Carapace | 2 | |
| Freezing Breath | 1 | |
6 total
» buildings
| Crypt | 1 | |
| Graveyard | 1 | |
| Ziggurat | 11 | |
| Altar of Darkness | 1 | |
| Tomb of Relics | 1 | |
| Nerubian Tower | 1 | |
| Spirit Tower | 4 | |
| Halls of the Dead | 1 | |
| Black Citadel | 1 | |
| Sacrificial Pit | 1 | |
| Boneyard | 2 | |
25 total
» build order
00:35 Crypt
00:39 Graveyard
00:44 Ziggurat
00:57 Altar of Darkness
01:12 Ziggurat
01:26 Tomb of Relics
01:48 Nerubian Tower
04:33 Ziggurat
04:36 Ziggurat
04:41 Spirit Tower
05:21 Halls of the Dead
07:35 Ziggurat
07:36 Ziggurat
07:38 Ziggurat
07:39 Ziggurat
09:41 Black Citadel
10:26 Sacrificial Pit
11:14 Ziggurat
11:14 Ziggurat
12:03 Boneyard
12:04 Boneyard
12:15 Ziggurat
13:35 Spirit Tower
13:35 Spirit Tower
18:05 Spirit Tower
» items
| Dust of Appearance | 1 | |
| Rod of Necromancy | 2 | |
| Potion of Mana | 2 | |
5 total
Smashdeath (
red | 51 APM | 1701 actions | 33:05)
6 Archmage
3 Summon Water Elemental
2 Brilliance Aura
1 Mass Teleport
4 Mountain King
2 Storm Bolt
2 Bash
» actions
| Assign group hotkey | 33 | |
| Basic commands | 200 | |
| Build / train | 122 | |
| ESC pressed | 1 | |
| Enter build submenu | 40 | |
| Enter hero's abilities submenu | 11 | |
| Remove unit from queue | 3 | |
| Right click | 419 | |
| Select / deselect | 452 | |
| Select group hotkey | 262 | |
| Use ability | 158 | |
1701 total
» units
| Peasant | 16 | |
| Footman | 12 | |
| Spell Breaker | 12 | |
| Sorceress | 7 | |
| Knight | 1 | |
| Priest | 2 | |
| Rifleman | 7 | |
| Siege Engine | 4 | |
61 total
» upgrades
| Defend | 1 | |
| Masonry | 3 | |
| Swords | 2 | |
| Plating | 3 | |
| Lumber Harvesting | 1 | |
| Animal War Training | 1 | |
| Sorceress Training | 1 | |
| Priest Training | 2 | |
| Gunpowder | 3 | |
| Armor | 1 | |
| Long Rifles | 1 | |
| Magic Sentry | 1 | |
20 total
» buildings
| Altar of Kings | 1 | |
| Farm | 10 | |
| Barracks | 1 | |
| Scout Tower | 20 | |
| Lumber Mill | 1 | |
| Town Hall | 1 | |
| Blacksmith | 1 | |
| Guard Tower | 10 | |
| Arcane Vault | 1 | |
| Arcane Tower | 1 | |
| Keep | 3 | |
| Arcane Sanctum | 2 | |
| Castle | 2 | |
| Workshop | 3 | |
57 total
» build order
00:15 Altar of Kings
00:22 Farm
00:25 Barracks
00:53 Farm
01:46 Farm
01:53 Scout Tower
02:14 Farm
03:21 Lumber Mill
04:43 Town Hall
04:49 Scout Tower
04:52 Scout Tower
04:54 Scout Tower
04:56 Scout Tower
04:57 Scout Tower
05:01 Scout Tower
05:04 Scout Tower
05:11 Blacksmith
05:16 Scout Tower
05:20 Scout Tower
05:32 Guard Tower
05:52 Guard Tower
06:04 Arcane Vault
06:33 Guard Tower
06:40 Arcane Tower
06:43 Guard Tower
07:29 Keep
07:30 Keep
08:32 Guard Tower
10:25 Arcane Sanctum
10:28 Arcane Sanctum
10:45 Scout Tower
10:47 Scout Tower
11:00 Scout Tower
11:02 Scout Tower
11:05 Scout Tower
11:15 Castle
11:15 Castle
11:25 Scout Tower
11:28 Scout Tower
11:30 Scout Tower
11:32 Scout Tower
11:35 Scout Tower
11:41 Guard Tower
11:57 Farm
12:34 Guard Tower
14:10 Farm
14:11 Farm
14:11 Farm
14:13 Farm
15:28 Guard Tower
17:24 Guard Tower
21:45 Guard Tower
21:52 Farm
26:50 Workshop
26:56 Workshop
28:25 Workshop
» items
| Scroll of Regeneration | 3 | |
| Scroll of Town Portal | 3 | |
| Lesser Clarity Potion | 1 | |
| Scroll of Healing | 1 | |
| Mechanical Critter | 2 | |
10 total

»
LOL[FFA] (
blue | 129 APM | 4298 actions | 33:19)
7 Dreadlord
3 Vampiric Aura
3 Sleep
1 Inferno
6 Crypt Lord
3 Impale
2 Carrion Beetles
1 Locust Swarm
» actions
| Assign group hotkey | 40 | |
| Basic commands | 34 | |
| Build / train | 102 | |
| ESC pressed | 3 | |
| Enter build submenu | 19 | |
| Enter hero's abilities submenu | 13 | |
| Give item / drop item | 3 | |
| Remove unit from queue | 1 | |
| Right click | 1491 | |
| Select / deselect | 520 | |
| Select group hotkey | 1959 | |
| Use ability | 113 | |
4298 total
» units
| Acolyte | 8 | |
| Ghoul | 7 | |
| Gargoyle | 5 | |
| Abomination | 7 | |
| Necromancer | 11 | |
| Meatwagon | 3 | |
| Frost Wyrm | 5 | |
| Crypt Fiend | 6 | |
52 total
» upgrades
| Cannibalize | 1 | |
| Creature Attack | 2 | |
| Disease Cloud | 1 | |
| Unholy Strength | 1 | |
| Creature Carapace | 3 | |
| Stone Form | 1 | |
| Necromancer Training | 2 | |
| Skeletal Longevity | 1 | |
| Skeletal Mastery | 2 | |
| Unholy Armor | 1 | |
| Exhume Corpses | 1 | |
16 total
» buildings
| Crypt | 2 | |
| Ziggurat | 7 | |
| Altar of Darkness | 1 | |
| Nerubian Tower | 2 | |
| Tomb of Relics | 1 | |
| Halls of the Dead | 1 | |
| Graveyard | 2 | |
| Spirit Tower | 3 | |
| Slaughterhouse | 2 | |
| Black Citadel | 1 | |
| Temple of the Damned | 1 | |
23 total
» build order
00:12 Crypt
00:16 Ziggurat
00:38 Altar of Darkness
01:07 Nerubian Tower
01:26 Ziggurat
01:55 Tomb of Relics
02:56 Halls of the Dead
03:22 Nerubian Tower
03:58 Graveyard
04:09 Ziggurat
05:37 Spirit Tower
06:35 Ziggurat
06:45 Crypt
08:14 Slaughterhouse
08:16 Black Citadel
09:34 Ziggurat
10:23 Graveyard
10:24 Spirit Tower
12:21 Ziggurat
12:24 Temple of the Damned
13:33 Spirit Tower
14:26 Ziggurat
21:19 Slaughterhouse
» items
| Rod of Necromancy | 2 | |
| Scroll of Town Portal | 4 | |
| Potion of Healing | 2 | |
| Orb of Corruption | 1 | |
| Dust of Appearance | 1 | |
| Scroll of Regeneration | 1 | |
11 total
FsK_ (
orange | 25 APM | 613 actions | 24:22)
5 Death Knight
3 Death Coil
2 Unholy Aura
4 Lich
2 Frost Nova
2 Frost Armor
» actions
| Assign group hotkey | 2 | |
| Basic commands | 31 | |
| Build / train | 59 | |
| ESC pressed | 1 | |
| Enter build submenu | 15 | |
| Enter hero's abilities submenu | 10 | |
| Give item / drop item | 2 | |
| Remove unit from queue | 6 | |
| Right click | 164 | |
| Select / deselect | 272 | |
| Select group hotkey | 2 | |
| Use ability | 49 | |
613 total
» units
| Acolyte | 3 | |
| Ghoul | 3 | |
| Crypt Fiend | 14 | |
| Gargoyle | 3 | |
23 total
» upgrades
| Creature Attack | 3 | |
| Web | 1 | |
| Burrow | 1 | |
| Ghoul Frenzy | 1 | |
| Freezing Breath | 1 | |
| Creature Carapace | 2 | |
9 total
» buildings
| Altar of Darkness | 1 | |
| Ziggurat | 6 | |
| Graveyard | 1 | |
| Crypt | 2 | |
| Tomb of Relics | 1 | |
| Nerubian Tower | 1 | |
| Spirit Tower | 2 | |
| Halls of the Dead | 1 | |
| Black Citadel | 1 | |
| Sacrificial Pit | 1 | |
| Boneyard | 1 | |
| Necropolis | 1 | |
19 total
» build order
01:08 Altar of Darkness
01:10 Ziggurat
01:21 Ziggurat
01:29 Graveyard
01:45 Crypt
02:02 Tomb of Relics
02:22 Nerubian Tower
02:58 Spirit Tower
03:37 Crypt
04:33 Halls of the Dead
05:22 Ziggurat
05:39 Ziggurat
06:57 Black Citadel
08:13 Sacrificial Pit
10:37 Spirit Tower
10:46 Ziggurat
11:24 Boneyard
14:55 Ziggurat
21:18 Necropolis
» items
| Rod of Necromancy | 1 | |
| Circlet of Nobility | 1 | |
| Orb of Corruption | 1 | |
| Scroll of Town Portal | 2 | |
5 total
Chat log
(00:08 / All) FsK_: s3s mores
(00:10 / All) TATER-TOPS.: what up dawgs
(00:20 / All) FsK_: s3s takes 20 mins
(00:24 / All) nika-sticks: ?
(00:26 / All) FsK_: s4s takes 3 mins
(00:31 / All) nika-sticks: u talkin to me?
(00:35 / All) FsK_: who?
(00:40 / All) FsK_: me, no
(00:44 / All) TATER-TOPS.: east is a 4v4 server dude,
(00:44 / All) FsK_: talking to everyone
(00:45 / All) LOL[FFA]: lol
(00:54 / All) LOL[FFA]: lol
(01:00 / All) LOL[FFA]: its lol server
(01:00 / All) FsK_: lol?
(01:07 / All) TATER-TOPS.: back in the days pro's used to play 4v4rt, and i mean real pro's,
(01:16 / All) TATER-TOPS.: they used to have level 25 accounts, which means u were a pro
(01:24 / Allies) nika-sticks: should all of us orcs get shockwave? lol
(01:29 / Allies) nika-sticks: and rush
(01:33 / All) LOL[FFA]: orange is pro lol
(01:39 / All) FsK_: LOL
(01:49 / All) LOL[FFA]: lol
(01:52 / All) FsK_: ofc my horse
(02:02 / All) TATER-TOPS.: ya'll need to go to target this week, buy 2 get 1 free video game deal
(02:06 / Allies) nika-sticks: whats everyone going?
(02:17 / Allies) pantheraleo: melee shamn
(02:17 / All) FsK_: but i only play this game
(02:18 / Allies) Void-darkness: wyvs
(02:21 / All) LOL[FFA]: orange is pro im not worried
(02:37 / All) LOL[FFA]: he has graveyard already and i dont
(02:40 / All) FsK_: i want 4D
(02:42 / Allies) nika-sticks: green.. purp
(02:43 / Allies) nika-sticks: what heros?
(02:49 / Allies) nika-sticks: nvm
(02:49 / Allies) pantheraleo: fs
(02:51 / All) FsK_: LOL
(02:52 / Allies) nika-sticks: lol
(02:53 / Allies) pantheraleo: tc
(02:53 / All) FsK_: SERVER
(02:55 / All) FsK_: LOL
(03:05 / Allies) nika-sticks: units purp?
(03:12 / Allies) pantheraleo: tauren shm
(03:18 / Allies) nika-sticks: green?
(03:32 / Allies) Void-darkness: wyrvs
(03:47 / Allies) TATER-TOPS.: go away yellow these are my creeps
(03:52 / All) LOL[FFA]: i dotn care hat yall say orange is pro
(04:48 / All) LOL[FFA]: he is pro creepign with just hero and rods
(05:27 / All) LOL[FFA]: lol purple
(05:51 / All) TATER-TOPS.: this is not an insult blue but....
(06:00 / All) TATER-TOPS.: everytime we play there is a lot of shit talking, not particulary by u
(06:02 / All) TATER-TOPS.: just in general
(06:14 / All) LOL[FFA]: part of the game
(06:16 / All) LOL[FFA]: eastcoast baby
(06:24 / All) TATER-TOPS.: u getting rain?
(06:24 / All) nika-sticks: best part
(06:28 / All) LOL[FFA]: try the west server they love fags over there
(06:39 / Allies) nika-sticks: green are you getting any casters?
(06:40 / All) FsK_: LOL
(06:46 / Allies) Void-darkness: no
(06:48 / All) TATER-TOPS.: i aint complaining baout your demeanor i like it, and i like u blue
(06:55 / Allies) nika-sticks: k, purp, ill get docs
(06:58 / All) TATER-TOPS.: want pics of my sister blue?
(07:00 / Allies) nika-sticks: get some walkers with your tauren
(07:10 / All) LOL[FFA]: no i want your fathers
(07:24 / All) LOL[FFA]: im a father fucker
(07:29 / All) FsK_: FILF
(07:31 / All) FsK_: LMAO
(08:34 / All) LOL[FFA]: i want to be called gay lord fucker one day
(08:45 / All) FsK_: good asperations
(09:14 / Allies) pantheraleo: b
(09:14 / Allies) TATER-TOPS.: ho miff
(09:32 / Allies) TATER-TOPS.: dont go b
(10:10 / Allies) nika-sticks: owned
(10:16 / Allies) nika-sticks: lets clear mid
(10:28 / All) nika-sticks: WIFF
(10:40 / All) LOL[FFA]: lol
(10:56 / All) TATER-TOPS.: how the hell yellow got lvl 6 already
(11:05 / All) nika-sticks: IM LVL 5
(11:22 / Allies) nika-sticks: clear that for me
(11:41 / Allies) pantheraleo: wood?
(11:52 / Allies) nika-sticks: lemme have that item
(11:54 / Allies) nika-sticks: thx
(11:59 / Allies) TATER-TOPS.: expos niggas
(11:59 / Allies) TATER-TOPS.: red
(12:43 / Allies) nika-sticks: here fs
(12:47 / Allies) nika-sticks: take claws
(15:21 / Allies) TATER-TOPS.: blue is there
(15:45 / Allies) TATER-TOPS.: tp?
(15:50 / Allies) pantheraleo: no
(15:50 / Allies) nika-sticks: yes plz save it
(15:54 / Allies) TATER-TOPS.: no
(16:17 / Allies) TATER-TOPS.: wait
(16:21 / Allies) TATER-TOPS.: GOGO
(17:25 / Allies) Void-darkness: hit?
(17:41 / Allies) nika-sticks: where?
(17:48 / Allies) TATER-TOPS.: TEAL
(17:56 / Allies) TATER-TOPS.: ignore
(18:20 / All) TATER-TOPS.: go
(18:47 / All) LOL[FFA]: im trapped lol
(19:21 / All) nika-sticks: GTFO
(20:13 / All) nika-sticks: I GOT MAGIC TRIX TOO
(20:41 / All) TATER-TOPS.: hippo riders takes so much skill to use
(20:48 / All) FsK_: lol
(20:50 / All) nika-sticks: they take almost no skill to beat either =P
(21:01 / All) LOL[FFA]: lol
(21:07 / Allies) nika-sticks: heal
(21:10 / All) TATER-TOPS.: seriously unmounting and mounting is hard
(21:27 / All) FsK_: i wish you were kidding
(21:45 / Allies) nika-sticks: lets check expos and take them all out
(21:54 / All) LOL[FFA]: godl for tpppppppp
(21:56 / All) LOL[FFA]: lol
(22:20 / Allies) nika-sticks: i got mass demos comig
(22:59 / All) LOL[FFA]: lol
(23:17 / All) nika-sticks: rofl
(23:21 / Allies) nika-sticks: let me out
(24:17 / All) FsK_: gg
(24:51 / All) TATER-TOPS.: fungame
(25:00 / All) nika-sticks: MOTHER FUCKERS
(25:39 / All) LOL[FFA]: grrrr lol
(26:03 / All) TATER-TOPS.: last time i eer go hippo ridersnot even kidding
(26:20 / Allies) nika-sticks: I want my demos to have fun =(
(26:48 / All) TATER-TOPS.: red can win this if he knows how to use mass tp
(28:17 / All) nika-sticks: BOOOOOOOOM
(28:20 / All) TATER-TOPS.: who wants crown of kings
(28:25 / All) LOL[FFA]: fuck no more necs lol
(28:26 / All) TATER-TOPS.: also join clan s4s for a 4v4rt clan,
(28:32 / All) pantheraleo: gg
(29:06 / Allies) nika-sticks: lemme rip down reds castle
(29:09 / Allies) nika-sticks: it'll be marvelous
(29:31 / All) TATER-TOPS.: shit i dont have a tp
(30:17 / All) nika-sticks: WTF THOUGHT IT WAS ONLY RED LEFT LOL
(30:42 / All) TATER-TOPS.: u guys could still win
(31:19 / All) nika-sticks: all of those demos... i was not expecting frost wyrms
(31:22 / All) nika-sticks: you mother fuckers
(31:25 / All) LOL[FFA]: lol
(31:56 / All) TATER-TOPS.: im just gonna use 2 heros now
(32:09 / All) TATER-TOPS.: free hippos for u god i hate them
(32:46 / All) nika-sticks: BAM
(32:51 / All) TATER-TOPS.: i should tk my team lolz
(33:00 / All) nika-sticks: you should get raped.
(33:05 / All) LOL[FFA]: lol
(33:10 / All) LOL[FFA]: gg though
(33:12 / All) TATER-TOPS.: JOIN CLAN S4S FOR 4V4 CLAN